 Dungeon Crawl Stone Soup version 0.25-a0-448-g1f46b9f714 (webtiles) character file.

Game seed: 15244091023859334618, levelgen mode: deterministic

167 kae the Changer (level 5, -1/40 HPs)
             Began as a Draconian Transmuter on Jan 31, 2020.
             Slain by a hound (5 damage)
             ... on level 4 of the Dungeon.
             The game lasted 00:02:32 (2752 turns).

kae the Changer (Draconian Transmuter)              Turns: 2752, Time: 00:02:33

Health: -1/40      AC:  2    Str: 12    XL:     5   Next: 23%
Magic:  4/8        EV: 19    Int: 14    God:
Gold:   182        SH:  0    Dex: 17    Spells: 2/8 levels left

rFire    . . .     SeeInvis .     - Unarmed
rCold    . . .     Gourm    .   (shield currently unavailable)
rNeg     . . .     Faith    .   (armour unavailable)
rPois    x         Spirit   .   (helmet currently unavailable)
rElec    .         Reflect  .   (cloak currently unavailable)
rCorr    .         Harm     .   (gloves currently unavailable)
MR       .....                  (boots currently unavailable)
Stlth    ++........             (no amulet)
HPRegen  0.13/turn              (no ring)
MPRegen  0.11/turn              (no ring)

@: spider-form, very slightly contaminated
A: tiny, unfitting armour, AC +5
a: End Transformation


You were on level 4 of the Dungeon.
You were hungry.
You were a venomous arachnid creature.
You visited 1 branch of the dungeon, and saw 4 of its levels.

You collected 182 gold pieces.

Inventory:

Hand Weapons
 q - a +1 dagger of flaming (melded)
Missiles
 a - 44 arrows
Armour
 n - a +2 cloak (melded)
Jewellery
 i - an uncursed amulet of magic regeneration {unknown}
 s - an uncursed ring of flight {unknown}
Wands
 m - a wand of polymorph (5)
Scrolls
 b - 2 scrolls of enchant weapon
 d - a scroll of magic mapping
 e - 2 scrolls of identify {unknown}
 f - 2 scrolls of teleportation
 l - a scroll of blinking {unknown}
 o - a scroll of fog {unknown}
 r - a scroll of enchant armour {unknown}
 t - a scroll of random uselessness {unknown}
Potions
 g - 2 potions of lignification {unknown}
 h - a potion of ambrosia {unknown}
 j - 2 potions of curing {unknown}
 k - a potion of mutation {unknown}
 p - a potion of berserk rage {unknown}
 u - a potion of flight {unknown}
Comestibles
 c - 6 rations
 v - a chunk of flesh


   Skills:
 - Level 1.1 Fighting
 - Level 1.7 Dodging
 + Level 4.2 Unarmed Combat
 - Level 2.0 Spellcasting
 * Level 4.6 Transmutations


You had 2 spell levels left.
You knew the following spells:

 Your Spells              Type           Power        Failure   Level  Hunger
a - Beastly Appendage     Tmut           ##....       12%         1    ##.....
b - Sticks to Snakes      Tmut           ##......     16%         2    ###....
c - Spider Form           Tmut/Pois      #.........   50%         3    ####...

Your spell library contained the following spells:

 Spells                   Type           Power        Failure   Level  Hunger
 Ice Form                 Ice/Tmut       #.......     85%         4    #####..
 Blade Hands              Tmut           ##........   86%         5    ######.


Dungeon Overview and Level Annotations

Branches:
Dungeon (4/15)
 Temple: D:4-7

Altars:
Dithmenos
Fedhas


Innate Abilities, Weirdness & Mutations

((Your plain brown scales are hard. (AC +5)))
You cannot fit into any form of body armour.
((You are cold-blooded and may be slowed by cold attacks.))


Message History

The hound misses you. x2
The hound barely misses you.
You completely miss the hound.
The hound is moderately wounded.
The hound bites you.
* * * LOW HITPOINT WARNING * * *
The hound barely misses you.
You barely miss the hound.
The hound is moderately wounded.
The hound misses you.
You barely miss the hound.
The hound is moderately wounded.
The hound completely misses you. The hound barely misses you.
You hit the hound but do no damage.
The hound is moderately wounded.
The hound completely misses you.
You hit the hound.
The hound is poisoned.
The hound is moderately wounded.
The hound bites you.
You die...

#. ... ### ....
#.. ######....
...####.........
##.....(....(..
#............#
##......s.....#
#........h..#.#
##..........##
#..........##
#..........#
##.........##
#.........##
#.....>..##
##.......##


You could see a hound.

Vanquished Creatures
  A hound (D:4)
  Crazy Yiuf (D:2)
  A worker ant (D:4)
  3 adders
  An ooze (D:1)
  A worm (D:3)
  4 dart slugs
  A leopard gecko (D:2)
  An orc (D:3)
  6 bats
  A giant cockroach (D:3)
  6 goblins
  5 hobgoblins
  4 kobolds
  A ball python (D:3)
  3 frilled lizards (D:1)
  7 rats
47 creatures vanquished.

Notes
Turn   | Place    | Note
-------+----------+-------------------------------------------
     0 | D:1      | kae the Draconian Transmuter began the quest for the Orb.
     0 | D:1      | Reached XP level 1. HP: 16/16 MP: 3/3
    44 | D:1      | Reached XP level 2. HP: 23/23 MP: 5/5
   485 | D:1      | Reached XP level 3. HP: 28/28 MP: 4/6
   862 | D:2      | Found a faded altar of an unknown god.
  1024 | D:2      | Found a runed translucent door.
  1025 | D:2      | Noticed Crazy Yiuf
  1523 | D:2      | Learned a level 2 spell: Sticks to Snakes
  1527 | D:2      | Learned a level 3 spell: Spider Form
  1613 | D:2      | Killed Crazy Yiuf
  1613 | D:2      | Reached XP level 4. HP: 19/35 MP: 4/7
  2291 | D:3      | Found a shadowy altar of Dithmenos.
  2385 | D:3      | Found a blossoming altar of Fedhas.
  2684 | D:4      | Reached XP level 5. HP: 33/40 MP: 4/8
  2752 | D:4      | Slain by a hound

Levels and vault maps discovered:
D:1:      saegor_arrival_simple_c, layout_rooms
D:2:      layout_basic, first_ration, chequers_ecumenical_altar_simple,
          uniq_crazy_yiuf_cottage
D:3:      layout_loops_ring, lemuel_doored_altar, grunt_dithmenos_smoke
D:4:      layout_cave_pods, minmay_temple_entry_butterflies

Skill      XL: |  1  2  3  4 |
---------------+-------------+-----
Transmutations | 3 4 |  4.6
Unarmed Combat | 4 |  4.2
Fighting       | |  1.1
Dodging        | |  1.7
Spellcasting   | |  2.0

Action                   |  1- 3 |  4- 6 || total
-------------------------+-------+-------++-------
Melee: Unarmed           |    96 |    51 ||   147
       Kick              |    12 |     3 ||    15
       Tailslap          |    10 |     7 ||    17
       Headbutt          |     2 |     5 ||     7
       Punch             |     2 |     2 ||     4
       Dagger            |       |    38 ||    38
 Cast: Beastly Appendage |    15 |     6 ||    21
       Spider Form       |     1 |     4 ||     5
       Sticks to Snakes  |     1 |     1 ||     2
  Use: Scroll            |     4 |       ||     4
 Stab: Sleeping          |     1 |       ||     1
       Invisible         |     1 |       ||     1
  Eat: Chunk             |     1 |     2 ||     3
       Ration            |       |     1 ||     1
Armor: Skin              |    24 |    25 ||    49
Dodge: Dodged            |    55 |    71 ||   126

Table legend:
 A = Non-vault XP
 B = Vault XP
 C = Vault XP percentage of total XP
 D = Non-vault monster count
 E = Vault monster count
 F = Vault count percentage of total count
                 A         B        C        D         E       F
            +---------+---------+-------+---------+---------+-------
      Total |     200 |      39 |  16.3 |      46 |       1 |   2.1
            +---------+---------+-------+---------+---------+-------
        D:1 |      41 |       0 |   0.0 |      22 |       0 |   0.0
        D:2 |      24 |      39 |  61.9 |       6 |       1 |  14.3
        D:3 |      61 |       0 |   0.0 |      16 |       0 |   0.0
        D:4 |      74 |       0 |   0.0 |       2 |       0 |   0.0
            +---------+---------+-------+---------+---------+-------
